AoeStats
← Governor1234

Glade

510453094Analyzed
1v1 RM · 1d ago on Oct 1, 2026· 49m 31s· 2 players
Game mode
Random Map
Map size
Tiny (2 player)
Population
200
Speed
Normal
Resources
Standard
Victory
Conquest
Starting age
Dark Age
Ending age
Imperial Age
RankedLock teamsTeams togetherTeam positionsShared explorationLock speedFull tech treeHidden civsTurbo modeCheats
Victory
Defeat
🇨🇳 Vikings · China
240
+13
🇦🇷 Spanish · Argentina
163
-13
soyjimenez_82
11:52 Feudal Age
14:42 Forging
14:34 Scale Mail Armor
14:41 Scale Barding Armor
21:01 Castle Age
24:09 Arson
26:53 Squires
26:40 Gambesons
27:20 Pikeman
28:24 Man-at-Arms
29:38 Long Swordsman
34:04 Husbandry
34:15 Bloodlines
37:13 Chain Barding Armor
42:08 Fervor
42:12 Redemption
44:11 Chain Mail Armor
44:32 Iron Casting
Governor1234
6:35 Loom
11:38 Feudal Age
12:01 Horse Collar
12:08 Double-Bit Axe
18:05 Gold Mining
18:45 Man-at-Arms
20:21 Forging
21:14 Scale Mail Armor
22:37 Stone Mining
25:56 Castle Age
28:46 Gold Shaft Mining
31:06 Town Watch
32:52 Ballistics
35:39 Masonry
36:32 Bow Saw
39:49 Iron Casting
43:28 Imperial Age
41:55 Treadmill Crane
43:36 Capped Ram
48:00 Chemistry
48:13 Arson
48:31 Squires
49:52 Murder Holes
Connection lost

Rejoining the realm…

Still unreachable

The connection could not be restored.

Session expired

The server has moved on; the page needs a fresh start.